 Dungeon Crawl Stone Soup version 0.20.1-1-g8b1a95d (webtiles) character file.

66 n0claF the Grave Robber (level 3, -3/24 HPs)
             Began as a Mummy Necromancer on Oct 26, 2017.
             Slain by a worm (11 damage)
             ... on level 2 of the Dungeon.
             The game lasted 00:07:16 (1564 turns).

n0claF the Grave Robber (Mummy Necromancer)         Turns: 1564, Time: 00:07:17

Health: -3/24      AC:  2    Str: 11    XL:     3   Next: 96%
Magic:  0/8        EV: 11    Int: 15    God:
Gold:   88         SH:  0    Dex: 12    Spells: 7/9 levels left

rFire    x . .     SeeInvis .   d - +0 dagger
rCold    + . .     Gourm    .   (no shield)
rNeg     + + +     Faith    .   a - +0 robe
rPois    ∞         Spirit   .   (no helmet)
rElec    .         Reflect  .   (no cloak)
rCorr    .         Harm     .   (no gloves)
MR       .....                  (no boots)
Stlth    +.........             c - amulet of regeneration
Regen    0.5/turn               (no ring)
MPRegen  0.2/turn               (no ring)

@: drained
A: no food or potions, fire vulnerability, cold resistance 1, negative energy
resistance 3, torment resistance, unbreathing
a: no special abilities


You were on level 2 of the Dungeon.
You were not hungry.

You visited 1 branch of the dungeon, and saw 2 of its levels.

You collected 88 gold pieces.

Inventory:

Hand Weapons
 d - a +0 dagger (weapon)
Armour
 a - a +0 robe (worn)
Jewellery
 c - an amulet of regeneration (around neck)
 e - an uncursed amulet of harm
Scrolls
 f - a scroll of remove curse {unknown}
 g - 2 scrolls of fog {unknown}
 h - a scroll of identify {unknown}
 i - a scroll of magic mapping {unknown}
Books
 b - a book of Necromancy

   Spells                             Type                      Level
   a - Pain                           Necromancy                   1
   b - Animate Skeleton               Necromancy                   1
   c - Vampiric Draining              Necromancy                   3
   d - Regeneration                   Charms/Necromancy            3
   e - Animate Dead                   Necromancy                   4
   f - Control Undead                 Necromancy                   4


   Skills:
 + Level 0.2(0.0) Fighting
 + Level 0.5(0.0) Short Blades
 + Level 1.7(0.7) Dodging
 + Level 1.8(0.8) Stealth
 + Level 3.5(2.5) Spellcasting
 + Level 4.8(3.8) Necromancy


You had 7 spell levels left.
You knew the following spells:

 Your Spells              Type           Power        Failure   Level  Hunger
a - Pain                  Necr           ##..         4%          1    N/A
b - Animate Skeleton      Necr           N/A          4%          1    N/A

Dungeon Overview and Level Annotations

Branches:
Dungeon (2/15)

Altars:
Zin


Innate Abilities, Weirdness & Mutations

You do not eat or drink.
Your flesh is vulnerable to fire.
You are immune to poison.
Your flesh is cold resistant. (rC+)
You are immune to negative energy. (rN+++)
You are immune to unholy pain and torment.
You can survive without breathing.


Message History

Confirm with . or Enter, or press ? or * to list all spells.
Aiming: Pain
Press: ? - help, Shift-Dir - straight line, f/p - worm
Aim: a worm (heavily wounded, chance to defeat MR: 77%)
The worm writhes in agony!
The worm misses you.
You hit the worm but do no damage.
The worm is heavily wounded.
The worm bites you.
You hit the worm.
The worm is heavily wounded.
You hit the worm but do no damage.
The worm is heavily wounded.
The worm bites you!
* * * LOW HITPOINT WARNING * * *
You hit the worm.
The worm is severely wounded.
You hit the worm.
The worm is almost dead.
The worm bites you!
You die...

## ...
###########
#.###...w@...(#
#.......#####.#
#......†# ###.#
#.....).# #...#
#.......# #...#
#.".....# #...#
#.....†.# ###.#
#.....†.# #.#
#.....### #.#


You could see a worm.

Vanquished Creatures
  2 adders (D:2)
  An ooze (D:2)
  A worm (D:2)
  A leopard gecko (D:2)
  3 bats
  2 giant cockroaches
  9 goblins
  7 hobgoblins
  2 frilled lizards (D:1)
  4 kobolds
  6 rats
38 creatures vanquished.

Vanquished Creatures (collateral kills)
  A dart slug (D:2)
  A rat (D:2)
2 creatures vanquished.

Grand Total: 40 creatures vanquished

Notes
Turn   | Place    | Note
-------+----------+-------------------------------------------
     0 | D:1      | n0claF the Mummy Necromancer began the quest for the Orb.
     0 | D:1      | Reached XP level 1. HP: 13/13 MP: 4/4
     2 | D:1      | Learned a level 1 spell: Animate Skeleton
   225 | D:1      | Reached XP level 2. HP: 19/19 MP: 3/5
  1074 | D:2      | Reached XP level 3. HP: 20/24 MP: 5/7
  1269 | D:2      | Found a glowing silver altar of Zin.
  1564 | D:2      | Slain by a worm

Skill      XL: |  1  2 |
---------------+-------+-----
Spellcasting   | 3 |  3.5
Fighting       | |  0.2
Short Blades   | |  0.5
Dodging        | |  1.7
Stealth        | |  1.8
Necromancy     | |  4.8

Action                   || total
-------------------------++-------
Melee: Dagger            ||    57
 Cast: Pain              ||    71
       Animate Skeleton  ||    11
Armor: Robe              ||    19
Dodge: Dodged            ||    49
